AoeStats
← user9747

Nomad

506070036Analyzed
3v3 RM · 20d ago on Sep 12, 2026· 48m 23s· 6 players
Game mode
Random Map
Map size
210×210
Population
200
Speed
Normal
Resources
Standard
Victory
Conquest
Starting age
Dark Age
Ending age
Imperial Age
RankedLock teamsTeams togetherTeam positionsShared explorationLock speedFull tech treeHidden civsTurbo modeCheats
Victory
Defeat
🇮🇳 Italians · India
893
+16
🇮🇳 Hindustanis · India
881
+16
🇮🇳 Vietnamese · India
859
+17
🇹🇷 Huns · Türkiye
895
-17
🇮🇳 Mongols · India
885
-16
🇨🇳 Persians · China
881
-42
Ryuuji Kenshi
4:22 Loom
4:49 Loom
5:12 Loom
13:52 Feudal Age
14:49 Man-at-Arms
20:08 Fletching
22:58 Castle Age
23:46 Bodkin Arrow
23:13 Crossbowman
28:39 Horse Collar
30:48 Double-Bit Axe
32:07 Fishing Lines
35:03 Wheelbarrow
35:32 Thumb Ring
35:49 Ballistics
39:00 Imperial Age
36:50 Hand Cart
37:32 Padded Archer Armor
37:45 Treadmill Crane
39:21 Leather Archer Armor
40:45 Chemistry
40:08 Conscription
39:10 Elite Genoese Crossbowman
42:02 Illumination
41:58 Block Printing
42:08 Fervor
42:10 Bracer
42:23 Arbalester
43:55 Gold Mining
44:52 Ring Archer Armor
44:44 Forging
user9747
16:56 Feudal Age
17:16 Man-at-Arms
20:07 Forging
24:14 Wheelbarrow
24:31 Bloodlines
31:24 Castle Age
32:20 Pikeman
33:00 Squires
37:56 Imperial Age
35:45 Scale Mail Armor
37:11 Iron Casting
38:05 Double-Bit Axe
42:16 Grand Trunk Road
44:32 Chain Mail Armor
49:07 Hand Cart
CookieHunter
6:10 Loom
14:03 Feudal Age
18:34 Castle Age
20:34 Wheelbarrow
20:06 Fletching
20:07 Fishing Lines
21:49 Double-Bit Axe
21:59 Gillnets
22:27 Bodkin Arrow
25:09 Padded Archer Armor
27:27 Bow Saw
30:14 Forging
30:35 Pikeman
49:10 Imperial Age
Lethe
3:20 Loom
14:10 Feudal Age
23:36 Castle Age
22:38 Fletching
22:50 Horse Collar
23:01 Stone Mining
HIGHVOLTAGE
7:05 Loom
15:46 Feudal Age
20:16 Castle Age
18:37 Double-Bit Axe
19:26 Gold Mining
22:57 Bloodlines
22:47 Husbandry
24:32 Scale Barding Armor
24:38 Forging
37:38 Chain Barding Armor
37:55 Fishing Lines
39:31 Bow Saw
39:51 Padded Archer Armor
40:59 Thumb Ring
43:42 Ballistics
两岁不会浪
15:24 Feudal Age
16:43 Horse Collar
16:51 Double-Bit Axe
20:19 Man-at-Arms
23:31 Castle Age
22:39 Fletching
24:43 Elite Skirmisher
29:39 Bow Saw
29:24 Gold Mining
30:06 Scale Barding Armor
30:13 Forging
32:32 Gold Shaft Mining
34:13 Kamandaran
35:13 Fervor
35:04 Devotion
36:08 Wheelbarrow
36:04 Chain Barding Armor
40:48 Imperial Age
38:46 Heavy Plow
40:20 Iron Casting
42:03 Crop Rotation
41:35 Onager
43:48 Conscription
44:38 Elite War Elephant
Connection lost

Rejoining the realm…

Still unreachable

The connection could not be restored.

Session expired

The server has moved on; the page needs a fresh start.